AoeStats
← Escobar Rat

Arena

509273917Analyzed
4v4 RM · 7d ago on Sep 26, 2026· 101m 1s· 8 players
Game mode
Random Map
Map size
Large (8 player)
Population
200
Speed
Normal
Resources
Standard
Victory
Conquest
Starting age
Dark Age
Ending age
Imperial Age
RankedLock teamsTeams togetherTeam positionsShared explorationLock speedFull tech treeHidden civsTurbo modeCheats
Victory
Defeat
🇨🇴 Bohemians · Colombia
824
+15
🇨🇴 Persians · Colombia
820
+16
🇨🇴 Romans · Colombia
748
+18
🇮🇳 Ethiopians · India
736
+19
🇹🇷 Danes · Türkiye
854
-19
🇺🇸 Goths · United States
848
-19
🇺🇸 Japanese · United States
786
-16
🇭🇰 Burgundians · Hong Kong SAR China
736
-14
songshu512
7:10 Horse Collar
10:33 Double-Bit Axe
15:13 Feudal Age
18:06 Wheelbarrow
19:01 Heavy Plow
19:13 Bow Saw
18:55 Gold Mining
18:59 Stone Mining
20:13 Hand Cart
24:59 Castle Age
25:33 Gold Shaft Mining
25:33 Stone Shaft Mining
52:36 Pikeman
53:17 Squires
Mr. KEK
11:47 Feudal Age
16:24 Castle Age
14:29 Horse Collar
15:04 Double-Bit Axe
17:22 Heavy Plow
17:55 Bow Saw
19:28 Wheelbarrow
20:01 Fervor
22:41 Hand Cart
25:09 Sanctity
25:05 Gold Mining
29:02 Loom
32:15 Imperial Age
29:32 Town Watch
29:41 Stone Mining
30:44 Fletching
31:38 Arson
31:54 Squires
31:39 Gambesons
31:15 Pikeman
33:22 Conscription
32:24 Elite Jomsviking
32:29 Hamask
33:36 Thumb Ring
32:54 Elite Skirmisher
34:33 Ballistics
35:14 Chemistry
34:12 Murder Holes
34:29 Masonry
36:53 Gold Shaft Mining
37:02 Stone Shaft Mining
36:25 Onager
62:05 Northmen's Fury
Dora Explora
10:51 Feudal Age
9:11 Loom
11:39 Double-Bit Axe
11:35 Horse Collar
14:48 Wheelbarrow
19:18 Castle Age
20:29 Hand Cart
20:27 Bow Saw
20:18 Heavy Plow
21:25 Stone Mining
21:26 Gold Mining
24:44 Guard Tower
31:41 Imperial Age
29:17 Murder Holes
33:32 Keep
32:43 Arrowslits
33:23 Ballistics
35:29 Conscription
36:13 Pikeman
37:15 Scale Mail Armor
37:26 Forging
38:45 Coinage
38:19 Caravan
39:15 Gold Shaft Mining
39:42 Two-Man Saw
38:26 Halberdier
39:07 Squires
39:24 Chain Mail Armor
39:44 Iron Casting
42:53 Iron Casting
42:49 Plate Mail Armor
50:28 Blast Furnace
68:50 Thumb Ring
68:38 Fletching
68:49 Padded Archer Armor
70:13 Elite Skirmisher
71:27 Bodkin Arrow
72:09 Bracer
72:25 Leather Archer Armor
81:24 Ring Archer Armor
87:39 Bloodlines
87:33 Husbandry
87:41 Scale Barding Armor
89:55 Heavy Cavalry Archer
91:19 Chain Barding Armor
96:22 Parthian Tactics
Lost My Scout
0:29 Loom
14:19 Feudal Age
15:00 Horse Collar
15:09 Double-Bit Axe
15:22 Gold Mining
16:05 Stone Mining
16:18 Man-at-Arms
22:53 Castle Age
21:04 Scale Mail Armor
21:38 Forging
21:37 Fletching
23:39 Heavy Plow
23:53 Bow Saw
24:05 Squires
24:07 Pikeman
24:18 Long Swordsman
27:08 Wheelbarrow
26:30 Town Watch
28:54 Hand Cart
30:04 Town Patrol
34:28 Imperial Age
33:02 Bodkin Arrow
32:50 Treadmill Crane
33:31 Ballistics
33:07 Murder Holes
33:23 Masonry
34:13 Iron Casting
33:55 Chain Mail Armor
34:26 Anarchy
35:08 Stone Shaft Mining
34:53 Herbal Medicine
34:59 Devotion
35:53 Conscription
35:34 Perfusion
36:50 Elite Huskarl
39:22 Blast Furnace
38:22 Bracer
39:25 Chemistry
38:57 Architecture
40:31 Halberdier
45:24 Two-Man Saw
45:00 Crop Rotation
59:47 Two-Handed Swordsman
67:18 Champion
l Son Goku l930
10:39 Feudal Age
13:18 Wheelbarrow
14:35 Double-Bit Axe
14:36 Horse Collar
18:58 Castle Age
20:15 Double-Bit Axe
21:39 Bow Saw
26:29 Pikeman
27:10 Squires
27:33 Scale Mail Armor
34:27 Imperial Age
32:22 Gold Mining
33:32 Wheelbarrow
33:47 Chain Mail Armor
33:42 Forging
34:31 Gold Shaft Mining
35:40 Heavy Scorpion
36:34 Halberdier
38:46 Ballistics
39:27 Chemistry
41:55 Forging
Atomicz 420
0:30 Loom
12:14 Feudal Age
15:13 Double-Bit Axe
15:13 Horse Collar
20:01 Castle Age
19:16 Man-at-Arms
20:34 Forging
23:48 Wheelbarrow
24:38 Husbandry
26:53 Bow Saw
28:16 Bloodlines
29:51 Heavy Plow
32:37 Hand Cart
33:19 Iron Casting
32:58 Scale Barding Armor
40:22 Imperial Age
42:12 Blast Furnace
41:33 Chain Barding Armor
40:43 Cavalier
40:48 Heavy Camel Rider
42:05 Savar
44:43 Capped Ram
47:12 Plate Barding Armor
46:28 Fletching
46:39 Padded Archer Armor
46:40 Scale Mail Armor
46:23 Siege Ram
48:14 Chemistry
47:25 Masonry
47:35 Ballistics
52:40 Heavy Scorpion
59:35 Chain Mail Armor
59:15 Bodkin Arrow
59:36 Leather Archer Armor
74:43 Kamandaran
74:58 Citadels
75:11 Conscription
76:45 Elite War Elephant
93:29 Light Cavalry
95:11 Hoardings
94:11 Sappers
94:15 Hussar
96:15 Crop Rotation
96:50 Two-Man Saw
98:02 Town Watch
100:54 Spies/Treason
Escobar Rat
0:29 Loom
13:25 Feudal Age
13:57 Double-Bit Axe
15:01 Wheelbarrow
21:31 Castle Age
24:39 Bow Saw
29:35 Fortified Wall
30:35 Chemistry
31:09 Ballistics
31:01 Fortified Wall
38:47 Imperial Age
57:34 Two-Man Saw
68:33 Houfnice
GandalfEzy
0:34 Loom
9:50 Feudal Age
11:05 Wheelbarrow
11:24 Double-Bit Axe
11:22 Horse Collar
16:00 Gold Mining
19:09 Castle Age
18:19 Stone Mining
18:33 Scale Mail Armor
18:23 Fletching
21:11 Stone Shaft Mining
21:05 Bow Saw
21:19 Heavy Plow
27:08 Hand Cart
26:51 Town Watch
28:23 Forging
34:45 Imperial Age
32:37 Town Patrol
32:17 Crossbowman
35:02 Padded Archer Armor
34:58 Bodkin Arrow
37:22 Chain Mail Armor
37:06 Murder Holes
37:11 Arbalester
37:57 Thumb Ring
40:14 Iron Casting
41:37 Royal Heirs
41:44 Torsion Engines
44:42 Chemistry
44:03 Ballistics
43:50 Elite Shotel Warrior
44:54 Conscription
45:03 Onager
50:34 Siege Onager
56:06 Caravan
56:17 Guilds
56:15 Siege Engineers
56:21 Masonry
100:30 Spies/Treason
Connection lost

Rejoining the realm…

Still unreachable

The connection could not be restored.

Session expired

The server has moved on; the page needs a fresh start.